TOP OF THE 1ST |
Redlands East Valley Wildcats batting - Pitching for University of Florida Gators : LHP Jason Fleet
|
Pitching: LHP Jason Fleet
|
|
Batting: RHB Alex Freyre
|
0-0: Ball 1-0: Ball 2-0: Ball 3-0: Called Strike 3-1: Foul Ball, location: 2F 3-2: Ground out 6-3 (Groundball, 6, EV 84.4 MPH)
|
Batting: SHB Jonathan Jacob
|
0-0: Fly out, F7 (Flyball, 78M, EV 74.4 MPH)
|
Batting: LHB Jim Snell
|
0-0: Foul Ball, location: 2F 0-1: Ball 1-1: Fly out, F7 (Flyball, 7LS, EV 81.9 MPH)
|
Top of the 1st over - 0 runs, 0 hits, 0 errors, 0 left on base; Redlands East Valley 0 - University of Florida 0 |
BOTTOM OF THE 1ST |
University of Florida Gators batting - Pitching for Redlands East Valley Wildcats : RHP Marco Alvarado
|
Pitching: RHP Marco Alvarado
|
|
Batting: RHB Jiao-long Zhào
|
0-0: Swinging Strike 0-1: Foul Ball, location: 2F 0-2: Foul Ball, location: 2F 0-2: Foul Ball, location: 2F 0-2: Ball 1-2: Strikes out swinging
|
Batting: LHB Roy Davies
|
0-0: Called Strike 0-1: Ground out 4-3 (Groundball, 4S, EV 83.1 MPH)
|
Batting: RHB Gong-sun Law
|
0-0: Ball 1-0: Fly out, F9 (Line Drive, 9LS, EV 97.5 MPH)
|
Bottom of the 1st over - 0 runs, 0 hits, 0 errors, 0 left on base; Redlands East Valley 0 - University of Florida 0 |
TOP OF THE 2ND |
Redlands East Valley Wildcats batting - Pitching for University of Florida Gators : LHP Jason Fleet
|
Batting: SHB Jason Pugh
|
0-0: Fly out, F9 (Flyball, 9LS, EV 73.8 MPH)
|
Batting: RHB Justin Thomas
|
0-0: Called Strike 0-1: Ball 1-1: Fly out, F7 (Flyball, 78S, EV 85.0 MPH)
|
Batting: RHB Takayashi Hori
|
0-0: Ground out 5-3 (Groundball, 5L, EV 80.0 MPH)
|
Top of the 2nd over - 0 runs, 0 hits, 0 errors, 0 left on base; Redlands East Valley 0 - University of Florida 0 |
BOTTOM OF THE 2ND |
University of Florida Gators batting - Pitching for Redlands East Valley Wildcats : RHP Marco Alvarado
|
Batting: SHB Nelson Carachure
|
0-0: Called Strike 0-1: Foul Ball, location: 2F 0-2: Ball 1-2: Foul Ball, location: 2F 1-2: Ball 2-2: SINGLE (Line Drive, 6M, EV 98.1 MPH)
|
Batting: RHB Jae-won Kwon
|
0-0: Called Strike 0-1: Fly out, F7 (Flyball, 7, EV 76.2 MPH)
|
Batting: SHB Tokuichi Ishida
|
0-0: SINGLE (Line Drive, 8RS, EV 89.4 MPH) Nelson Carachure to second
|
Batting: LHB Dave Newsome
|
0-0: Ball 1-0: Ball 2-0: Fly out, F7 (Flyball, 7, EV 88.1 MPH)
|
Batting: SHB Michael Medina
|
0-0: Called Strike 0-1: Ball 1-1: Ball 2-1: Foul Ball, location: 2F 2-2: Strikes out swinging
|
Bottom of the 2nd over - 0 runs, 2 hits, 0 errors, 2 left on base; Redlands East Valley 0 - University of Florida 0 |
TOP OF THE 3RD |
Redlands East Valley Wildcats batting - Pitching for University of Florida Gators : LHP Jason Fleet
|
Batting: LHB John Blumberg
|
0-0: Ball 1-0: Ball 2-0: Swinging Strike 2-1: Foul Ball, location: 2F 2-2: Foul Ball, location: 2F 2-2: Ball 3-2: Fly out, F4 (Line Drive, 4D, EV 69.4 MPH)
|
Batting: RHB Jim Cahan
|
0-0: Ball 1-0: Ball 2-0: Ball 3-0: Called Strike 3-1: Swinging Strike 3-2: Strikes out looking
|
Batting: RHB Jeremy Evans
|
0-0: Called Strike 0-1: Ball 1-1: Foul Ball, location: 2F 1-2: Strikes out swinging
|
Top of the 3rd over - 0 runs, 0 hits, 0 errors, 0 left on base; Redlands East Valley 0 - University of Florida 0 |
BOTTOM OF THE 3RD |
University of Florida Gators batting - Pitching for Redlands East Valley Wildcats : RHP Marco Alvarado
|
Batting: RHB Juan Lopez
|
0-0: Ball 1-0: Ground out 6-3 (Groundball, 6, EV 107.5 MPH)
|
Batting: RHB Jiao-long Zhào
|
0-0: Ground out 6-3 (Groundball, 6, EV 95.6 MPH)
|
Batting: LHB Roy Davies
|
0-0: Ball 1-0: Ball 2-0: Foul Ball, location: 2F 2-1: Fly out, F8 (Flyball, 8RS, EV 80.6 MPH)
|
Bottom of the 3rd over - 0 runs, 0 hits, 0 errors, 0 left on base; Redlands East Valley 0 - University of Florida 0 |
TOP OF THE 4TH |
Redlands East Valley Wildcats batting - Pitching for University of Florida Gators : LHP Jason Fleet
|
Batting: RHB Alex Freyre
|
0-0: Ball 1-0: Called Strike 1-1: Foul Ball, location: 2F 1-2: Strikes out swinging
|
Batting: SHB Jonathan Jacob
|
0-0: Ball 1-0: Ground out 2-3 (Groundball, 2L, EV 68.8 MPH)
|
Batting: LHB Jim Snell
|
0-0: Ball 1-0: Ball 2-0: Ball 3-0: Called Strike 3-1: Base on Balls
|
Batting: SHB Jason Pugh
|
0-0: Ball 1-0: Ground out 4-3 (Groundball, 4M, EV 101.9 MPH)
|
Top of the 4th over - 0 runs, 0 hits, 0 errors, 1 left on base; Redlands East Valley 0 - University of Florida 0 |
BOTTOM OF THE 4TH |
University of Florida Gators batting - Pitching for Redlands East Valley Wildcats : RHP Marco Alvarado
|
Batting: RHB Gong-sun Law
|
0-0: Called Strike 0-1: Called Strike 0-2: Strikes out swinging
|
Batting: SHB Nelson Carachure
|
0-0: Ball 1-0: Called Strike 1-1: Ball 2-1: Foul Ball, location: 2F 2-2: Strikes out swinging
|
Batting: RHB Jae-won Kwon
|
0-0: Ball 1-0: Ball 2-0: Ground out 6-3 (Groundball, 6, EV 107.5 MPH)
|
Bottom of the 4th over - 0 runs, 0 hits, 0 errors, 0 left on base; Redlands East Valley 0 - University of Florida 0 |
TOP OF THE 5TH |
Redlands East Valley Wildcats batting - Pitching for University of Florida Gators : LHP Jason Fleet
|
Batting: RHB Justin Thomas
|
0-0: Swinging Strike 0-1: Foul Ball, location: 2F 0-2: Strikes out swinging
|
Batting: RHB Takayashi Hori
|
0-0: Ball 1-0: SINGLE (Line Drive, 7S, EV 103.1 MPH)
|
Batting: LHB John Blumberg
|
0-0: Foul Ball, location: 2F 0-1: 2-RUN HOME RUN (Line Drive, 9D, EV 102.5 MPH), Distance : 373 ft
|
Batting: RHB Jim Cahan
|
0-0: Ball 1-0: Called Strike 1-1: Ball 2-1: Called Strike 2-2: Foul Ball, location: 2F 2-2: Strikes out swinging
|
Batting: RHB Jeremy Evans
|
0-0: Ball 1-0: Ball 2-0: Fly out, F9 (Flyball, 9, EV 85.0 MPH)
|
Top of the 5th over - 2 runs, 2 hits, 0 errors, 0 left on base; Redlands East Valley 2 - University of Florida 0 |
BOTTOM OF THE 5TH |
University of Florida Gators batting - Pitching for Redlands East Valley Wildcats : RHP Marco Alvarado
|
Batting: SHB Tokuichi Ishida
|
0-0: Ball 1-0: Swinging Strike 1-1: Swinging Strike 1-2: Ball 2-2: Strikes out looking
|
Batting: LHB Dave Newsome
|
0-0: Foul Ball, location: 2F 0-1: Ball 1-1: Called Strike 1-2: Fly out, F7 (Flyball, 78M, EV 88.8 MPH)
|
Batting: SHB Michael Medina
|
0-0: Swinging Strike 0-1: Ball 1-1: Foul Ball, location: 2F 1-2: Strikes out swinging
|
Bottom of the 5th over - 0 runs, 0 hits, 0 errors, 0 left on base; Redlands East Valley 2 - University of Florida 0 |
TOP OF THE 6TH |
Redlands East Valley Wildcats batting - Pitching for University of Florida Gators : LHP Jason Fleet
|
Batting: RHB Alex Freyre
|
0-0: Called Strike 0-1: Ball 1-1: Called Strike 1-2: Ball 2-2: Strikes out looking
|
Batting: SHB Jonathan Jacob
|
0-0: Ball 1-0: Ball 2-0: Called Strike 2-1: Ground out 5-3 (Groundball, 56, EV 95.6 MPH)
|
Batting: LHB Jim Snell
|
0-0: Ball 1-0: Called Strike 1-1: Ground out 3-1 (Groundball, 34S, EV 85.6 MPH)
|
Top of the 6th over - 0 runs, 0 hits, 0 errors, 0 left on base; Redlands East Valley 2 - University of Florida 0 |
BOTTOM OF THE 6TH |
University of Florida Gators batting - Pitching for Redlands East Valley Wildcats : RHP Marco Alvarado
|
Batting: RHB Juan Lopez
|
0-0: Called Strike 0-1: Ground out 4-3 (Groundball, 34, EV 100.6 MPH)
|
Batting: RHB Jiao-long Zhào
|
0-0: DOUBLE (Line Drive, 89D, EV 111.2 MPH)
|
Batting: LHB Roy Davies
|
0-0: SINGLE (Groundball, 4MD, EV 97.5 MPH) Jiao-long Zhào to third Runner from 3rd tries for Home, SAFE, throw by CF to home
|
Batting: RHB Gong-sun Law
|
0-0: Ball 1-0: Called Strike 1-1: Ball 2-1: Ball 3-1: Swinging Strike 3-2: Strikes out swinging
|
Batting: SHB Nelson Carachure
|
0-0: Ball 1-0: Fly out, F8 (Flyball, 8LD, EV 85.6 MPH)
|
Bottom of the 6th over - 1 run, 2 hits, 0 errors, 1 left on base; Redlands East Valley 2 - University of Florida 1 |
TOP OF THE 7TH |
Redlands East Valley Wildcats batting - Pitching for University of Florida Gators : LHP Jason Fleet
|
Batting: SHB Jason Pugh
|
0-0: Foul Ball, location: 2F 0-1: Foul Ball, location: 2F 0-2: Fly out, F8 (Line Drive, 8RD, EV 93.1 MPH)
|
Pitching: LHP Michel Loiseau
|
|
Batting: RHB Justin Thomas
|
0-0: Swinging Strike 0-1: Ball 1-1: Ball 2-1: Foul Ball, location: 2F 2-2: Strikes out swinging
|
Batting: RHB Takayashi Hori
|
0-0: Ball 1-0: Ball 2-0: Foul Ball, location: 2F 2-1: Swinging Strike 2-2: Ground out 6-3 (Groundball, 6, EV 112.5 MPH)
|
Top of the 7th over - 0 runs, 0 hits, 0 errors, 0 left on base; Redlands East Valley 2 - University of Florida 1 |
BOTTOM OF THE 7TH |
University of Florida Gators batting - Pitching for Redlands East Valley Wildcats : RHP Marco Alvarado
|
Batting: RHB Jae-won Kwon
|
0-0: Ball 1-0: Ball 2-0: Called Strike 2-1: Ball 3-1: Called Strike 3-2: Foul Ball, location: 2F 3-2: Strikes out swinging
|
Pitching: RHP Lance Greven
|
|
Batting: SHB Tokuichi Ishida
|
0-0: Called Strike 0-1: Ball 1-1: Foul Ball, location: 2F 1-2: Strikes out looking
|
Batting: LHB Dave Newsome
|
0-0: Ball 1-0: Ball 2-0: Called Strike 2-1: Ball 3-1: Swinging Strike 3-2: Strikes out swinging
|
Bottom of the 7th over - 0 runs, 0 hits, 0 errors, 0 left on base; Redlands East Valley 2 - University of Florida 1 |
TOP OF THE 8TH |
Redlands East Valley Wildcats batting - Pitching for University of Florida Gators : LHP Michel Loiseau
|
Batting: LHB John Blumberg
|
0-0: Swinging Strike 0-1: Ball 1-1: Swinging Strike 1-2: Foul Ball, location: 2F 1-2: Foul Ball, location: 2F 1-2: Hit by Pitch
|
Batting: RHB Jim Cahan
|
0-0: Bunt missed! 0-1: Bunted foul 0-2: Strikes out looking
|
Batting: RHB Jeremy Evans
|
0-0: Called Strike 0-1: Foul Ball, location: 2F 0-2: Ball 1-2: Strikes out looking
|
Batting: RHB Alex Freyre
|
0-0: Called Strike 0-1: Called Strike 0-2: Ball 1-2: Strikes out swinging
|
Top of the 8th over - 0 runs, 0 hits, 0 errors, 1 left on base; Redlands East Valley 2 - University of Florida 1 |
BOTTOM OF THE 8TH |
University of Florida Gators batting - Pitching for Redlands East Valley Wildcats : RHP Lance Greven
|
Batting: SHB Michael Medina
|
0-0: Ball 1-0: Ball 2-0: Called Strike 2-1: SINGLE (Groundball, 56S, EV 68.8 MPH) (infield hit)
|
Pitching: RHP John Woods
|
|
Batting: RHB Juan Lopez
|
0-0: Sac Bunt to 15 - play at first, batter OUT! 1-3 Michael Medina to second
|
Batting: RHB Jiao-long Zhào
|
0-0: Ball 1-0: Ball 2-0: Swinging Strike 2-1: Foul Ball, location: 2F 2-2: Strikes out looking
|
Batting: LHB Roy Davies
|
0-0: Ball 1-0: Swinging Strike 1-1: Ball 2-1: Ball 3-1: Foul Ball, location: 2F 3-2: Fly out, F7 (Flyball, 7, EV 81.9 MPH)
|
Bottom of the 8th over - 0 runs, 1 hit, 0 errors, 1 left on base; Redlands East Valley 2 - University of Florida 1 |
TOP OF THE 9TH |
Redlands East Valley Wildcats batting - Pitching for University of Florida Gators : LHP Michel Loiseau
|
Pitching: RHP Gwang-sam Choe
|
|
Batting: SHB Jonathan Jacob
|
0-0: Called Strike 0-1: Swinging Strike 0-2: Strikes out swinging
|
Batting: LHB Jim Snell
|
0-0: Called Strike 0-1: Foul Ball, location: 2F 0-2: Foul Ball, location: 2F 0-2: Foul Ball, location: 2F 0-2: Ball 1-2: Ball 2-2: Foul Ball, location: 2F 2-2: Ground out 4-3 (Groundball, 34D, EV 83.8 MPH)
|
Batting: SHB Jason Pugh
|
0-0: Ball 1-0: Foul Ball, location: 2F 1-1: Foul Ball, location: 2F 1-2: Foul Ball, location: 2F 1-2: Strikes out swinging
|
Top of the 9th over - 0 runs, 0 hits, 0 errors, 0 left on base; Redlands East Valley 2 - University of Florida 1 |
BOTTOM OF THE 9TH |
University of Florida Gators batting - Pitching for Redlands East Valley Wildcats : RHP John Woods
|
Pitching: RHP Alex Estrada
|
|
Batting: RHB Gong-sun Law
|
0-0: Ball 1-0: SINGLE (Line Drive, 6M, EV 109.4 MPH)
|
Batting: SHB Nelson Carachure
|
0-0: Ball Wild Pitch! Gong-sun Law to second 1-0: Called Strike 1-1: Foul Ball, location: 2F 1-2: Ball Wild Pitch! Gong-sun Law to third 2-2: Foul Ball, location: 2F 2-2: Ball 3-2: Base on Balls
|
Batting: RHB Jae-won Kwon
|
0-0: Ball 1-0: SINGLE (Groundball, 6MD, EV 98.1 MPH) Gong-sun Law scores Nelson Carachure to second Runner from 2nd tries for 3rd, SAFE, throw by CF made to third
|
Batting: SHB Tokuichi Ishida
|
0-0: Swinging Strike 0-1: Called Strike 0-2: Strikes out swinging
|
Batting: LHB Dave Newsome
|
0-0: Called Strike 0-1: Ball 1-1: Swinging Strike 1-2: Ball 2-2: Strikes out swinging
|
Batting: SHB Michael Medina
|
0-0: Called Strike 0-1: Called Strike 0-2: Ball 1-2: Strikes out swinging
|
Bottom of the 9th over - 1 run, 2 hits, 0 errors, 2 left on base; Redlands East Valley 2 - University of Florida 2 |
TOP OF THE 10TH |
Redlands East Valley Wildcats batting - Pitching for University of Florida Gators : RHP Gwang-sam Choe
|
Pitching: RHP Danny Crespo
|
|
Batting: RHB Justin Thomas
|
0-0: Called Strike 0-1: Ball 1-1: Foul Ball, location: 2F 1-2: Ball 2-2: Foul Ball, location: 2F 2-2: Strikes out swinging
|
Batting: RHB Takayashi Hori
|
0-0: Ball 1-0: Ball 2-0: SINGLE (Line Drive, 56D, EV 99.4 MPH)
|
Batting: LHB John Blumberg
|
0-0: Called Strike 0-1: Grounds out, U3 (Groundball, 3L, EV 101.2 MPH)
|
Pinch Hitting: LHB Steve Lane
|
0-0: Intentional Walk
|
Batting: RHB Jeremy Evans
|
0-0: Ball 1-0: Called Strike 1-1: Foul Ball, location: 2F 1-2: Strikes out swinging
|
Top of the 10th over - 0 runs, 1 hit, 0 errors, 2 left on base; Redlands East Valley 2 - University of Florida 2 |
BOTTOM OF THE 10TH |
University of Florida Gators batting - Pitching for Redlands East Valley Wildcats : RHP Alex Estrada
|
Pitching: LHP Hahn Patzwahl
|
|
Now at C: John Loechel
|
|
Batting: RHB Juan Lopez
|
0-0: Ball 1-0: Foul Ball, location: 2F 1-1: Ground out 5-3 (Groundball, 56, EV 86.2 MPH)
|
Batting: RHB Jiao-long Zhào
|
0-0: Called Strike 0-1: Ground out 6-3 (Groundball, 56, EV 89.4 MPH)
|
Batting: LHB Roy Davies
|
0-0: Ball 1-0: Ball 2-0: Called Strike 2-1: Fly out, F7 (Flyball, 7S, EV 76.2 MPH)
|
Bottom of the 10th over - 0 runs, 0 hits, 0 errors, 0 left on base; Redlands East Valley 2 - University of Florida 2 |
TOP OF THE 11TH |
Redlands East Valley Wildcats batting - Pitching for University of Florida Gators : RHP Danny Crespo
|
Batting: RHB Alex Freyre
|
0-0: Called Strike 0-1: Ball 1-1: Foul Ball, location: 2F 1-2: Ball 2-2: Foul Ball, location: 2F 2-2: Foul Ball, location: 2F 2-2: Strikes out swinging
|
Batting: SHB Jonathan Jacob
|
0-0: Called Strike 0-1: Ball 1-1: Ground out 2-3 (Groundball, 2L, EV 75.0 MPH)
|
Batting: LHB Jim Snell
|
0-0: DOUBLE (Groundball, 3L, EV 105.0 MPH)
|
Batting: SHB Jason Pugh
|
0-0: Ball 1-0: Ball 2-0: Foul Ball, location: 2F 2-1: Foul Ball, location: 2F 2-2: Foul Ball, location: 2F 2-2: Ball 3-2: Base on Balls
|
Pitching: RHP Dave Ross
|
|
Batting: RHB Justin Thomas
|
0-0: Foul Ball, location: 2F 0-1: Ball 1-1: Ball 2-1: Called Strike 2-2: Ground out 4-3 (Groundball, 34, EV 108.1 MPH)
|
Top of the 11th over - 0 runs, 1 hit, 0 errors, 2 left on base; Redlands East Valley 2 - University of Florida 2 |
BOTTOM OF THE 11TH |
University of Florida Gators batting - Pitching for Redlands East Valley Wildcats : LHP Hahn Patzwahl
|
Batting: RHB Gong-sun Law
|
0-0: Ball 1-0: Foul Ball, location: 2F 1-1: Ground out 6-3 (Groundball, 6, EV 105.6 MPH)
|
Batting: SHB Nelson Carachure
|
0-0: Foul Ball, location: 2F 0-1: Ball 1-1: Ball 2-1: Ball 3-1: Called Strike 3-2: Strikes out swinging
|
Batting: RHB Jae-won Kwon
|
0-0: Ball 1-0: Ball 2-0: Fly out, F8 (Flyball, 8LD, EV 98.8 MPH)
|
Bottom of the 11th over - 0 runs, 0 hits, 0 errors, 0 left on base; Redlands East Valley 2 - University of Florida 2 |
TOP OF THE 12TH |
Redlands East Valley Wildcats batting - Pitching for University of Florida Gators : RHP Dave Ross
|
Batting: RHB Takayashi Hori
|
0-0: Ball 1-0: Ball 2-0: SINGLE (Groundball, 6MD, EV 98.8 MPH)
|
Pitching: LHP Adhamh Lubis
|
|
Batting: LHB John Blumberg
|
0-0: Called Strike 0-1: Ball 1-1: Foul Ball, location: 2F 1-2: Fly out, F8 (Flyball, 8LM, EV 86.9 MPH)
|
Pitching: RHP Sam Rekowski
|
|
Batting: SHB John Loechel
|
0-0: Ball Takayashi Hori is caught stealing 2nd base 2-6 1-0: Called Strike 1-1: Ground out 4-3 (Groundball, 4, EV 85.6 MPH)
|
Top of the 12th over - 0 runs, 1 hit, 0 errors, 0 left on base; Redlands East Valley 2 - University of Florida 2 |
BOTTOM OF THE 12TH |
University of Florida Gators batting - Pitching for Redlands East Valley Wildcats : LHP Hahn Patzwahl
|
Batting: SHB Tokuichi Ishida
|
0-0: Fly out, F9 (Flyball, 89S, EV 93.1 MPH)
|
Batting: LHB Dave Newsome
|
0-0: Ball 1-0: Called Strike 1-1: Swinging Strike 1-2: Strikes out swinging, 2-3 out at first.
|
Batting: SHB Michael Medina
|
0-0: Swinging Strike 0-1: Ball 1-1: Swinging Strike 1-2: Strikes out swinging
|
Bottom of the 12th over - 0 runs, 0 hits, 0 errors, 0 left on base; Redlands East Valley 2 - University of Florida 2 |
TOP OF THE 13TH |
Redlands East Valley Wildcats batting - Pitching for University of Florida Gators : RHP Sam Rekowski
|
Batting: RHB Jeremy Evans
|
0-0: Ground out 5-3 (Groundball, 56, EV 101.9 MPH)
|
Batting: RHB Alex Freyre
|
0-0: Ball 1-0: Ball 2-0: Ball 3-0: Base on Balls
|
Batting: SHB Jonathan Jacob
|
0-0: Called Strike Alex Freyre steals 2nd base 0-1: Foul Ball, location: 2F 0-2: Ground out 6-3 (Groundball, 56, EV 78.1 MPH)
|
Batting: LHB Jim Snell
|
0-0: Intentional Walk
|
Batting: SHB Jason Pugh
|
0-0: Called Strike 0-1: Ball 1-1: Ball 2-1: Ball Wild Pitch! Alex Freyre to third Jim Snell to second 3-1: Base on Balls
|
Batting: RHB Justin Thomas
|
0-0: Foul Ball, location: 2F 0-1: GRAND SLAM HOME RUN (Flyball, 9D, EV 96.2 MPH), Distance : 380 ft
|
Pitching: RHP Carlos Figueroa
|
|
Batting: RHB Takayashi Hori
|
0-0: Ball 1-0: Called Strike 1-1: SINGLE (Groundball, 4D, EV 95.0 MPH)
|
Batting: LHB John Blumberg
|
0-0: Fielders Choice at 2nd, 6-4 (Groundball, 6, EV 103.1 MPH)
|
Top of the 13th over - 4 runs, 2 hits, 0 errors, 1 left on base; Redlands East Valley 6 - University of Florida 2 |
BOTTOM OF THE 13TH |
University of Florida Gators batting - Pitching for Redlands East Valley Wildcats : LHP Hahn Patzwahl
|
Pitching: RHP Jaime Zapata
|
|
Batting: RHB Juan Lopez
|
0-0: Ball 1-0: Called Strike 1-1: Ball 2-1: Fly out, F9 (Flyball, 9D, EV 93.1 MPH)
|
Batting: RHB Jiao-long Zhào
|
0-0: Foul Ball, location: 2F 0-1: SOLO HOME RUN (Line Drive, 9LD, EV 96.2 MPH), Distance : 361 ft
|
Batting: LHB Roy Davies
|
0-0: Foul Ball, location: 2F 0-1: Foul Ball, location: 2F 0-2: Ball 1-2: Ground out 5-3 (Groundball, 56, EV 81.2 MPH)
|
Batting: RHB Gong-sun Law
|
0-0: Ground out 4-3 (Groundball, 4M, EV 101.2 MPH)
|
Bottom of the 13th over - 1 run, 1 hit, 0 errors, 0 left on base; Redlands East Valley 6 - University of Florida 3 |
|